AoeStats
← che_wacca

Black Forest

508840956Analyzed
2v2 RM · 8d ago on Sep 24, 2026· 43m 50s· 4 players
Game mode
Random Map
Map size
Medium (4 player)
Population
200
Speed
Normal
Resources
Standard
Victory
Conquest
Starting age
Dark Age
Ending age
Imperial Age
RankedLock teamsTeams togetherTeam positionsShared explorationLock speedFull tech treeHidden civsTurbo modeCheats
Victory
Defeat
🇨🇳 Bohemians · China
1197
+15
🇹🇷 Turks · Türkiye
1150
+17
🇪🇸 Vikings · Spain
1259
-20
🇪🇸 Khmer · Spain
1080
-12
che_wacca
1:05 Loom
11:57 Feudal Age
13:06 Double-Bit Axe
15:46 Castle Age
15:14 Horse Collar
15:13 Man-at-Arms
17:14 Double-Bit Axe
20:01 Elite Skirmisher
28:41 Imperial Age
27:00 Pikeman
28:16 Husbandry
29:39 Fletching
Mampi Yao
0:40 Loom
10:31 Feudal Age
15:37 Castle Age
14:45 Double-Bit Axe
16:12 Scale Mail Armor
28:48 Horse Collar
32:07 Bow Saw
32:06 Town Watch
35:34 Imperial Age
33:32 Gold Mining
33:48 Heavy Plow
34:06 Fletching
33:38 Crossbowman
35:59 Bodkin Arrow
35:52 Arbalester
37:00 Conscription
37:19 Bracer
38:45 Chemistry
39:02 Gold Shaft Mining
38:55 Ballistics
39:31 Onager
40:22 Padded Archer Armor
.BTB kral
0:27 Loom
11:39 Feudal Age
12:15 Double-Bit Axe
21:01 Castle Age
19:57 Gold Mining
25:39 Imperial Age
24:02 Gold Shaft Mining
24:43 Padded Archer Armor
37:38 Leather Archer Armor
37:13 Fletching
39:09 Wheelbarrow
chmchmchmchmchm
10:55 Feudal Age
14:46 Castle Age
12:36 Double-Bit Axe
12:39 Horse Collar
15:38 Bow Saw
15:30 Heavy Plow
18:09 Loom
22:43 Fervor
31:40 Wheelbarrow
33:25 Hand Cart
37:29 Imperial Age
35:13 Forging
35:03 Scale Mail Armor
35:14 Forging
35:04 Scale Mail Armor
36:13 Chemistry
35:09 Town Watch
35:54 Caravan
36:32 Wagenburg Tactics
36:39 Masonry
37:47 Iron Casting
37:27 Chain Mail Armor
37:02 Fletching
37:12 Padded Archer Armor
37:02 Fletching
38:23 Guilds
39:15 Two-Man Saw
38:34 Houfnice
39:41 Conscription
40:21 Ballistics
40:34 Elite Hussite Wagon
Connection lost

Rejoining the realm…

Still unreachable

The connection could not be restored.

Session expired

The server has moved on; the page needs a fresh start.